 Dungeon Crawl Stone Soup version 0.30-a0-879-ga8ba668304 (webtiles) character file.

Game seed: 7923367599895802274

25 AtlasWard the Shooter (level 3, -1/22 HPs)
             Began as a Kobold Hunter on Mar 12, 2023.
             Slain by a hobgoblin (2 damage)
             ... led by Robin
             ... on level 2 of the Dungeon.
             The game lasted 00:01:11 (997 turns).

AtlasWard the Shooter (Kobold Hunter)                Turns: 997, Time: 00:01:12

Health: -1/22      AC:  3    Str:  8    XL:     3   Next: 20%
Magic:  3/3        EV: 15    Int: 10    God:
Gold:   41         SH:  0    Dex: 20    Spells: 2/2 levels left

rFire   . . .      SeeInvis .    a - +0 shortbow
rCold   . . .      Faith    .    (shield currently unavailable)
rNeg    . . .      Spirit   .    c - +0 leather armour
rPois   .          Reflect  .    (no helmet)
rElec   .          Rampage  .    (no cloak)
rCorr   .                        (no gloves)
Will    .....                    (no boots)
Stlth   +++                      (no amulet)
HPRegen 0.23/turn                (no ring)
MPRegen 0.08/turn                (no ring)

@: no status effects
A: small, no large weapons, nightstalker 3
a: no special abilities


You were on level 2 of the Dungeon.
You visited 1 branch of the dungeon, and saw 2 of its levels.

You collected 41 gold pieces.

Inventory:

Hand Weapons
 a - a +0 shortbow (weapon)
Missiles
 l - 3 poisoned darts
Armour
 c - a +0 leather armour (worn)
Scrolls
 b - a scroll of immolation
 d - 2 scrolls of identify {unknown}
 f - a scroll of butterflies {unknown}
 g - 2 scrolls of teleportation {unknown}
Potions
 e - 2 potions of heal wounds {unknown}
 h - 2 potions of lignification {unknown}
 i - a potion of mutation {unknown}
 j - a potion of degeneration {unknown}
 k - a potion of attraction {unknown}


   Skills:
 + Level 2.5 Fighting
 * Level 5.8 Ranged Weapons
 + Level 2.8 Dodging
 + Level 2.2 Stealth


You had 2 spell levels left.
You didn't know any spells.
Your spell library contained the following spells:

 Spells                   Type           Power      Damage    Failure   Level
 Summon Lightning Spire   Summ/Air       0%         N/A       99%         4
 Storm Form               Tmut/Air       0%         N/A       100%        7
 Maxwell's Capacitive Co  Air            0%         ∞         100%        8


Dungeon Overview and Level Annotations

Branches:
Dungeon (2/15)

Altars:

Annotations:
D:2 Robin


Innate Abilities, Weirdness & Mutations

You are small and have problems with some larger weapons.
You are completely attuned to the shadows.


Message History

The arrow closely misses the goblin.
You hear a shout!
The goblin misses you. x2; The goblin hits you with a +0 dagger.
A goblin comes into view. It is wielding a +3 dagger of speed.
You shoot an arrow. The arrow hits the goblin!
You kill the goblin!
A giant cockroach comes into view.
The goblin barely misses you.
You shoot an arrow. The arrow barely misses the goblin.
The arrow completely misses the goblin.
A hobgoblin comes into view.
The goblin closely misses you.
A goblin comes into view. It is wielding a +0 dagger.
You shoot an arrow. The arrow hits the goblin!
You kill the goblin!
You shoot an arrow. The arrow closely misses the goblin.
The arrow hits the giant cockroach!
You kill the giant cockroach!
The goblin hits you with a +3 dagger of speed.
The goblin closely misses you.
Robin of the Strong Arm comes into view.
They are wielding a +1 heavy mace.
You shoot an arrow. The arrow hits the goblin!
You kill the goblin!
The hobgoblin misses you.
Robin roars a battlecry!
The goblins go into a battle-frenzy!
A goblin comes into view. It is wielding a +0 dagger.
You shoot an arrow. The arrow closely misses the goblin.
The arrow hits Robin.
Robin is lightly wounded.
The hobgoblin hits you. The goblin hits you but does no damage.
The hobgoblin attacks as you move away! The hobgoblin hits you.
Robin throws the goblin at you!
* * * LOW HITPOINT WARNING * * *
The goblin hits you with a +0 dagger.
* * * LOW HITPOINT WARNING * * *
The goblin attacks as you move away! The goblin barely misses you.
The goblin misses you.
There is an open door here.
The hobgoblin attacks as you move away! The hobgoblin hits you.
You die...

#.# #.# #.# >...... #.#
..... #.# .... #.#
.###†##### #.#
...)....g#############.#
...).g.gg@.............#
.........###############
....(....# .........#
##########


You could see Robin, a hobgoblin (strong) and 2 goblins.

Vanquished Creatures
  4 endoplasms (D:1)
  3 giant cockroaches
  6 goblins
  2 hobgoblins (D:1)
  A quokka (D:2)
  A ball python (D:1)
  A frilled lizard (D:1)
  A kobold (D:1)
  2 rats (D:1)
21 creatures vanquished.

Vanquished Creatures (others)
  A fungus (D:1)
  A plant (D:1)
2 creatures vanquished.

Grand Total: 23 creatures vanquished

Notes
Turn   | Place    | Note
-------+----------+-------------------------------------------
     0 | D:1      | AtlasWard the Kobold Hunter began the quest for the Orb.
     0 | D:1      | Reached XP level 1. HP: 12/12 MP: 1/1
   196 | D:1      | Reached XP level 2. HP: 18/18 MP: 2/2
   208 | D:1      | Found a faded altar of an unknown god.
   982 | D:2      | Reached XP level 3. HP: 22/22 MP: 3/3
   989 | D:2      | Noticed Robin
   995 | D:2      | HP: 1/22 [goblin/+0 dagger[Robin] (5)]
   997 | D:2      | Slain by a hobgoblin

Illustrated notes

Levels and vault maps discovered:
D:1:      dpeg_arrival_short_road, layout_basic, serial_curves, eino_curves_02,
          eino_curves_03, shapermc_ecumenical_altar_mp_urbaneastern,
          minmay_fountain_box
D:2:      layout_basic, uniq_robin

Skill      XL: |  1  2 |
---------------+-------+-----
Stealth        | 2 |  2.2
Fighting       | |  2.5
Ranged Weapons | |  5.8
Dodging        | |  2.8

Action                     || total
---------------------------++-------
   Fire: Shortbow          ||    47
 Armour: Leather armour    ||     2
  Dodge: Dodged            ||    17

Table legend: (Time is in decaauts)
 A = Elapsed time spent in this place.
 B = Non-inter-level travel time spent in this place.
 C = Inter-level travel time spent in this place.
 D = Time resting spent in this place.
 E = Time spent auto-exploring this place.
 F = Levels seen in this place.
 G = Mean time per level.
                   A        B        C        D        E       F      G
               +--------+--------+--------+--------+--------+-----+--------+
         Total |   1010 |    924 |     86 |      0 |    809 |   2 |  505.0 |
       Dungeon |   1010 |    924 |     86 |      0 |    809 |   2 |  505.0 |
               +--------+--------+--------+--------+--------+-----+--------+

Top non-repeatable levels by time:
     D:1: 956 daAuts
     D:2: 53 daAuts
